[Event "Hungarian Youth-ch I 2024"]
[Site "Szolnok"]
[Date "2024.04.01"]
[Round "1.24"]
[White "Toth, Timea"]
[Black "Kovacs, Reka"]
[Result "0-1"]
[ECO "C45"]
[WhiteElo "1978"]
[BlackElo "1855"]
[Annotator "NA"]
[PlyCount "132"]
[EventDate "2024.03.31"]
[EventType "swiss"]
[EventCountry "HUN"]
[SourceTitle "playchess.com"]
[Source "ChessBase"]
[SourceQuality "1"]
[TimeControl "5400+30"]

1. e4 e5 2. Nf3 Nc6 3. d4 exd4 4. Nxd4 Nf6 5. Nxc6 bxc6 6. e5 Qe7 7. Qe2 Nd5 8. c4 Ba6 9. b3 g6 10. Bb2 Bg7 11. g3 O-O 12. Bg2 Rae8 13. O-O Bxe5 14. Bxd5 cxd5 15. Nc3 Bxc3 16. Qxe7 Rxe7 17. Bxc3 dxc4 18. Rfc1 Re4 19. Rd1 Bb5 20. a4 Bc6 21. bxc4 Rxc4 22. Be5 d6 23. Bd4 Bxa4 24. Rd2 a6 25. Be3 Bb5 26. Bh6 Re8 27. Be3 Ra8 28. Ra5 Ra4 29. Rxa4 Bxa4 30. Ra2 Bb5 31. Bf4 Rd8 32. Rd2 Re8 33. Rc2 Re7 34. Bg5 Re5 35. Bf4 Rc5 36. Rxc5 dxc5 37. Bxc7 f6 38. Bd6 c4 39. Bb4 Kf7 40. Kf1 Ke6 41. Ke1 Kd5 42. Kd2 Ke4 43. Kc3 Kf3 44. Bc5 g5 45. Be7 Kxf2 46. Bxf6 g4 47. Kb4 Kg2 48. Bh4 Kxh2 49. Kc3 Kg2 50. Kb4 Kf3 51. Kc3 a5 52. Kb2 Ke2 53. Bg5 Kd3 54. Bf6 a4 55. Be5 h5 56. Bf6 Ke4 57. Be7 Kd3 58. Bf6 Bd7 59. Bg7 h4 60. gxh4 g3 61. Be5 g2 62. Bh2 c3+ 63. Kc1 a3 64. Kb1 c2+ 65. Kc1 a2 66. Kb2 c1=Q+ 0-1

[Event "Hungarian Youth-ch I 2024"]
[Site "Szolnok"]
[Date "2024.04.01"]
[Round "1.25"]
[White "Beznicza, Mira"]
[Black "Balazs, Sztella Anna"]
[Result "0-1"]
[ECO "B24"]
[WhiteElo "1801"]
[BlackElo "1805"]
[Annotator "NA"]
[PlyCount "112"]
[EventDate "2024.03.31"]
[EventType "swiss"]
[EventCountry "HUN"]
[SourceTitle "playchess.com"]
[Source "ChessBase"]
[SourceQuality "1"]
[TimeControl "5400+30"]

1. e4 c5 2. Nc3 Nc6 3. d3 g6 4. Be3 d6 5. Qd2 Bg7 6. g3 Nf6 7. Bh6 O-O 8. h4 Bxh6 9. Qxh6 Ng4 10. Qd2 f5 11. f3 Nf6 12. exf5 Bxf5 13. g4 Be6 14. h5 Kf7 15. O-O-O Qa5 16. hxg6+ hxg6 17. g5 Nh5 18. Rh4 b5 19. a3 b4 20. Nb1 Rab8 21. b3 Nd4 22. Re1 Bxb3 23. Rxd4 cxd4 24. cxb3 Qc5+ 25. Kb2 bxa3+ 26. Nxa3 Qb6 27. Qd1 Qc5 28. Qd2 Rb7 29. Bh3 e5 30. Ne2 Rfb8 31. Nc1 a5 32. Qc2 Qb6 33. Qc4+ Kg7 34. Bg4 Nf4 35. Rh1 Qd8 36. Qc2 Qxg5 37. Qh2 Nxd3+ 38. Nxd3 Rxb3+ 39. Ka2 Rxd3 40. Qh7+ Kf6 41. Qh4 Qxh4 42. Rxh4 d5 43. Rh2 e4 44. fxe4 dxe4 45. Rf2+ Ke5 46. Nc4+ Kd5 47. Nb2 Rg3 48. Bd1 e3 49. Re2 Rf3 50. Bb3+ Ke4 51. Bc2+ Kf4 52. Rg2 Rxb2+ 53. Kxb2 Rf2 54. Rxg6 e2 55. Re6 d3 56. Rf6+ Ke3 0-1

[Event "Hungarian Youth-ch I 2024"]
[Site "Szolnok"]
[Date "2024.04.01"]
[Round "1.26"]
[White "Karacsonyi, Luca"]
[Black "Nandin-Erdene, Davaademberel"]
[Result "0-1"]
[ECO "B19"]
[WhiteElo "1956"]
[BlackElo "1978"]
[Annotator "NA"]
[PlyCount "92"]
[EventDate "2024.03.31"]
[EventType "swiss"]
[EventCountry "HUN"]
[SourceTitle "playchess.com"]
[Source "ChessBase"]
[SourceQuality "1"]
[TimeControl "5400+30"]

1. e4 c6 2. d4 d5 3. Nc3 dxe4 4. Nxe4 Bf5 5. Ng3 Bg6 6. h4 h6 7. Nf3 Nd7 8. h5 Bh7 9. Bd3 Bxd3 10. Qxd3 e6 11. Bd2 Ngf6 12. O-O-O Be7 13. Ne4 Qb6 14. g3 Rd8 15. Nxf6+ Bxf6 16. Qa3 Be7 17. Qa4 Nf6 18. c4 O-O 19. Qa5 Qxa5 20. Bxa5 b6 21. Bd2 c5 22. Rh4 cxd4 23. Be1 Rc8 24. Rdxd4 Rfd8 25. Ne5 Bd6 26. f4 Bc5 27. Rxd8+ Rxd8 28. Nc6 Rd7 29. b4 Be3+ 30. Kc2 Rc7 31. b5 Bc5 32. Bc3 Ne4 33. Be5 Rd7 34. Rh2 Nxg3 35. Bxg7 Nf1 36. Rh1 Ne3+ 37. Kc3 Kxg7 38. Rg1+ Kf6 39. Rg8 Rd1 40. Ra8 Rc1+ 41. Kb3 Rxc4 42. Rxa7 Rxf4 43. Nd8 Rb4+ 44. Kc3 Nd5+ 45. Kc2 Be7 46. Nc6 Rxb5 0-1

[Event "Hungarian Youth-ch I 2024"]
[Site "Szolnok"]
[Date "2024.04.01"]
[Round "1.27"]
[White "Bende, Eniko Tunde"]
[Black "Szarvas, Nora"]
[Result "0-1"]
[ECO "B22"]
[WhiteElo "1650"]
[BlackElo "1955"]
[Annotator "NA"]
[PlyCount "72"]
[EventDate "2024.03.31"]
[EventType "swiss"]
[EventCountry "HUN"]
[SourceTitle "playchess.com"]
[Source "ChessBase"]
[SourceQuality "1"]
[TimeControl "5400+30"]

1. e4 c5 2. c3 Nf6 3. e5 Nd5 4. d4 cxd4 5. Nf3 Nc6 6. cxd4 d6 7. Bc4 Nb6 8. Bb3 e6 9. O-O Be7 10. Nc3 O-O 11. Bf4 dxe5 12. dxe5 Qc7 13. Nb5 Qb8 14. Qe2 Bd7 15. Rac1 a6 16. Nd6 Na5 17. Bc2 Nd5 18. Bg3 b5 19. Qe4 g6 20. Nh4 Nc4 21. Nxc4 bxc4 22. Qg4 Kg7 23. Be4 Qb5 24. Nf3 h5 25. Qh3 Rad8 26. Rfe1 Qxb2 27. Bh4 Nf4 28. Qg3 Qxc1 29. Bf6+ Bxf6 30. exf6+ Kg8 31. Kf1 Ne2 32. Kxe2 Qh6 33. Qh4 c3 34. g4 Bb5+ 35. Bd3 Bxd3+ 36. Kd1 c2# 0-1

[Event "Hungarian Youth-ch I 2024"]
[Site "Szolnok"]
[Date "2024.04.02"]
[Round "2.1"]
[White "Kocsmar, Akos"]
[Black "Jankovics, Emod"]
[Result "1-0"]
[ECO "E73"]
[WhiteElo "2029"]
[BlackElo "1699"]
[Annotator "RC"]
[PlyCount "42"]
[EventDate "2024.03.31"]
[EventType "swiss"]
[EventCountry "HUN"]
[SourceTitle "playchess.com"]
[Source "ChessBase"]
[SourceQuality "1"]
[TimeControl "5400+30"]

1. d4 Nf6 2. c4 g6 3. Nc3 Bg7 4. e4 d6 5. Be2 e5 6. d5 Nbd7 7. Be3 Nc5 8. f3 a5 9. Qd2 h6 10. O-O-O b6 11. g4 h5 12. g5 Nfd7 13. h4 Ba6 14. Nh3 Qe7 15. Kb1 O-O 16. Qc2 Rab8 17. b3 Rb7 18. a3 b5 19. cxb5 Rfb8 20. bxa6 Rxb3+ 21. Ka2 Rb2+ 1-0

[Event "Hungarian Youth-ch I 2024"]
[Site "Szolnok"]
[Date "2024.04.02"]
[Round "2.2"]
[White "Bekesi, Aron"]
[Black "Frank, Balint"]
[Result "1-0"]
[ECO "C45"]
[WhiteElo "1783"]
[BlackElo "1939"]
[Annotator "RC"]
[PlyCount "61"]
[EventDate "2024.03.31"]
[EventType "swiss"]
[EventCountry "HUN"]
[SourceTitle "playchess.com"]
[Source "ChessBase"]
[SourceQuality "1"]
[TimeControl "5400+30"]

1. e4 e5 2. Nf3 Nc6 3. d4 exd4 4. Nxd4 Nf6 5. Nxc6 bxc6 6. e5 Qe7 7. Qe2 Nd5 8. c4 Ba6 9. h4 f6 10. exf6 Nxf6 11. Rh3 Qxe2+ 12. Bxe2 O-O-O 13. Be3 Bb4+ 14. Kf1 d5 15. Bxa7 d4 16. Rb3 d3 17. Bxd3 Rxd3 18. Rxb4 Re8 19. Rb8+ Kd7 20. Rxe8 Kxe8 21. b3 Rd1+ 22. Ke2 Rg1 23. g3 Bc8 24. Bd4 Bg4+ 25. f3 Rg2+ 26. Bf2 Ne4 27. fxg4 Nxf2 28. Kf3 Rh2 29. a4 Kd7 30. Nc3 Nd3 31. Rd1 1-0

[Event "Hungarian Youth-ch I 2024"]
[Site "Szolnok"]
[Date "2024.04.02"]
[Round "2.3"]
[White "Szikszai, Bertalan"]
[Black "Fule, Simon"]
[Result "1/2-1/2"]
[ECO "C55"]
[WhiteElo "2312"]
[BlackElo "2262"]
[Annotator "RC"]
[PlyCount "55"]
[EventDate "2024.03.31"]
[EventType "swiss"]
[EventCountry "HUN"]
[SourceTitle "playchess.com"]
[Source "ChessBase"]
[SourceQuality "1"]
[TimeControl "5400+30"]

1. e4 e5 2. Nf3 Nc6 3. Bc4 Nf6 4. d3 h6 5. c3 d6 6. O-O g5 7. a4 Bg7 8. a5 a6 9. Nbd2 Nh5 10. g3 Qf6 11. Nh4 gxh4 12. Qxh5 Bh3 13. Re1 Ne7 14. Nf3 Ng6 15. Be3 Bf8 16. d4 Be7 17. Kh1 Rg8 18. Ng1 Be6 19. Bxe6 Qxe6 20. Qf5 exd4 21. Bxd4 O-O-O 22. Nf3 hxg3 23. hxg3 h5 24. Be3 h4 25. Nd4 Qxf5 26. exf5 Ne5 27. Kg2 hxg3 28. fxg3 1/2-1/2

[Event "Hungarian Youth-ch I 2024"]
[Site "Szolnok"]
[Date "2024.04.02"]
[Round "2.4"]
[White "Gulacsi, Donat Ferenc"]
[Black "Herpai, Jozsef Matyas"]
[Result "0-1"]
[ECO "B50"]
[WhiteElo "1912"]
[BlackElo "2037"]
[Annotator "RC"]
[PlyCount "118"]
[EventDate "2024.03.31"]
[EventType "swiss"]
[EventCountry "HUN"]
[SourceTitle "playchess.com"]
[Source "ChessBase"]
[SourceQuality "1"]
[TimeControl "5400+30"]

1. e4 c5 2. Nf3 d6 3. c4 e5 4. d3 f5 5. g3 Nf6 6. exf5 Bxf5 7. Bg2 Nc6 8. O-O Qd7 9. Nc3 Be7 10. Ng5 O-O 11. f4 Nd4 12. fxe5 dxe5 13. Nd5 Kh8 14. Be3 Nxd5 15. Bxd5 Bxg5 16. Bxg5 Bh3 17. Bg2 Bxg2 18. Kxg2 Qc6+ 19. Kh3 Nf3 20. Be3 Rf5 21. g4 Rf7 22. Kg3 Raf8 23. Rf2 h5 24. gxh5 Qf6 25. Kg2 Qh4 26. Kh1 Rf5 27. Qe2 b6 28. b3 Qxh5 29. Raf1 Qh3 30. a3 Kg8 31. Rd1 R8f6 32. Rg2 Rh5 33. Bg1 g5 34. Rf1 Rf4 35. Rff2 g4 36. b4 Nd4 37. Qd2 Rf3 38. Rxf3 Nxf3 39. Qe2 cxb4 40. axb4 Rg5 41. Qe4 Rg7 42. c5 Nxg1 43. Kxg1 bxc5 44. bxc5 Qh6 45. Qd5+ Kh7 46. Qe4+ Kg8 47. Qd5+ Kh7 48. Qxe5 Qc1+ 49. Kf2 Qd2+ 50. Kg1 Qd1+ 51. Kf2 Rf7+ 52. Kg3 Qf3+ 53. Kh4 Qh3+ 54. Kg5 Qxg2 55. Qd6 Rg7+ 56. Kf5 Qf3+ 57. Ke5 Qe3+ 58. Kd5 Qxd3+ 59. Kc6 Rg6 0-1

[Event "Hungarian Youth-ch I 2024"]
[Site "Szolnok"]
[Date "2024.04.02"]
[Round "2.5"]
[White "Gathi, Donat"]
[Black "Borzsei, Andras"]
[Result "1-0"]
[ECO "B42"]
[WhiteElo "2192"]
[BlackElo "2126"]
[Annotator "RC"]
[PlyCount "109"]
[EventDate "2024.03.31"]
[EventType "swiss"]
[EventCountry "HUN"]
[SourceTitle "playchess.com"]
[Source "ChessBase"]
[SourceQuality "1"]
[TimeControl "5400+30"]

1. e4 c5 2. Nf3 e6 3. d4 cxd4 4. Nxd4 a6 5. Bd3 Bc5 6. Nb3 Ba7 7. Nc3 Nc6 8. O-O Nf6 9. Qe2 d6 10. Be3 b5 11. f4 b4 12. Nd1 e5 13. Bxa7 Rxa7 14. Ne3 O-O 15. f5 a5 16. Rf3 a4 17. Bb5 axb3 18. Bxc6 Qb6 19. Bd5 Nxd5 20. exd5 Rxa2 21. Rb1 Ba6 22. Qf2 bxc2 23. Nxc2 Qxf2+ 24. Kxf2 e4 25. Rb3 Bd3 26. Rc1 Bxc2 27. Rxc2 Ra5 28. Rd2 Re8 29. Ke3 Rb5 30. Rd4 Kf8 31. Rbxb4 Rxb4 32. Rxb4 Re5 33. Rb8+ Ke7 34. g4 Rxd5 35. Rb7+ Ke8 36. Kxe4 Rd2 37. h4 Rg2 38. Kf3 Rh2 39. h5 g6 40. hxg6 hxg6 41. f6 Rd2 42. Kf4 Rd4+ 43. Kg5 Re4 44. b4 d5 45. Rb8+ Kd7 46. Rf8 Rxb4 47. Rxf7+ Ke8 48. Ra7 Kf8 49. Rd7 Rd4 50. Rg7 Ra4 51. Rxg6 d4 52. Rg7 Ra5+ 53. Kg6 Rd5 54. Rh7 Kg8 55. f7+ 1-0

[Event "Hungarian Youth-ch I 2024"]
[Site "Szolnok"]
[Date "2024.04.02"]
[Round "2.6"]
[White "Bodrogi, Bendeguz"]
[Black "Csernyik, Mark"]
[Result "1-0"]
[ECO "A05"]
[WhiteElo "2316"]
[BlackElo "2016"]
[Annotator "RC"]
[PlyCount "79"]
[EventDate "2024.03.31"]
[EventType "swiss"]
[EventCountry "HUN"]
[SourceTitle "playchess.com"]
[Source "ChessBase"]
[SourceQuality "1"]
[TimeControl "5400+30"]

1. Nf3 Nf6 2. g3 g6 3. b3 Bg7 4. Bb2 O-O 5. Bg2 d6 6. d4 c5 7. c4 Nc6 8. O-O cxd4 9. Nxd4 Bd7 10. Nc3 Qc8 11. Rc1 Nxd4 12. Qxd4 Bh3 13. Nd5 Re8 14. Bxh3 Qxh3 15. Nc7 Rac8 16. Nxe8 Nxe8 17. Qd2 Rc5 18. f3 Bh6 19. e3 Nc7 20. f4 Ne6 21. Qg2 Qxg2+ 22. Kxg2 Ra5 23. a3 Bg7 24. b4 Bxb2 25. bxa5 Bxc1 26. Rxc1 Nc5 27. Rb1 a6 28. e4 f5 29. exf5 gxf5 30. Kh3 Kf7 31. Kh4 Kf6 32. Kh5 e5 33. Rb6 e4 34. Rxd6+ Ke7 35. Rd5 Nd3 36. Kg5 Ke6 37. h3 h6+ 38. Kg6 h5 39. h4 Nf2 40. Re5+ 1-0

[Event "Hungarian Youth-ch I 2024"]
[Site "Szolnok"]
[Date "2024.04.02"]
[Round "2.7"]
[White "Panda, Barnabas"]
[Black "Kolimar, Kristof Pal"]
[Result "0-1"]
[ECO "A15"]
[WhiteElo "2066"]
[BlackElo "2282"]
[Annotator "RC"]
[PlyCount "82"]
[EventDate "2024.03.31"]
[EventType "swiss"]
[EventCountry "HUN"]
[SourceTitle "playchess.com"]
[Source "ChessBase"]
[SourceQuality "1"]
[TimeControl "5400+30"]

1. c4 Nf6 2. g3 g6 3. b3 Bg7 4. Bb2 O-O 5. Bg2 d6 6. d4 Nfd7 7. Nf3 Nc6 8. O-O e5 9. dxe5 dxe5 10. Nfd2 f5 11. e4 f4 12. Bh3 Nf6 13. Bxc8 Qxc8 14. Kg2 Nd4 15. Nc3 c6 16. f3 Rd8 17. Rc1 fxg3 18. hxg3 Bh6 19. Ncb1 Qe6 20. Qe1 Nh5 21. Qf2 Bf4 22. g4 Bxd2 23. gxh5 Bxc1 24. Bxc1 Rf8 25. Qh4 gxh5 26. Qxh5 Qg6+ 27. Qxg6+ hxg6 28. Be3 Rad8 29. Nc3 b6 30. Rf2 Ne6 31. Ne2 Rd3 32. Bc1 Nd4 33. Nxd4 exd4 34. Bd2 c5 35. f4 a5 36. e5 Kf7 37. f5 gxf5 38. Rxf5+ Ke8 39. Rxf8+ Kxf8 40. Bg5 Ke8 41. e6 a4 0-1

[Event "Hungarian Youth-ch I 2024"]
[Site "Szolnok"]
[Date "2024.04.02"]
[Round "2.8"]
[White "Turcsanyi, Vince Gergo"]
[Black "Apro, Barnabas"]
[Result "1-0"]
[ECO "A13"]
[WhiteElo "2247"]
[BlackElo "2026"]
[Annotator "RC"]
[PlyCount "53"]
[EventDate "2024.03.31"]
[EventType "swiss"]
[EventCountry "HUN"]
[SourceTitle "playchess.com"]
[Source "ChessBase"]
[SourceQuality "1"]
[TimeControl "5400+30"]

1. c4 e6 2. Nf3 d5 3. e3 Nf6 4. Nc3 Be7 5. b3 O-O 6. Bb2 b6 7. cxd5 exd5 8. d4 c5 9. Rc1 Nc6 10. Bb5 Bb7 11. O-O Rc8 12. dxc5 bxc5 13. Na4 Ne4 14. Nd2 a6 15. Nxe4 axb5 16. Naxc5 dxe4 17. Nxb7 Qb6 18. Nd6 Bxd6 19. Qxd6 Rfd8 20. Qg3 g6 21. Qh4 Nb4 22. Rxc8 Rxc8 23. Qxe4 Nxa2 24. Qe5 f6 25. Qd5+ Kf8 26. Qd7 Qc7 27. Qxb5 1-0

[Event "Hungarian Youth-ch I 2024"]
[Site "Szolnok"]
[Date "2024.04.02"]
[Round "2.9"]
[White "Szegedy, Matyas"]
[Black "Gyorfi, Adam"]
[Result "1-0"]
[ECO "B30"]
[WhiteElo "2177"]
[BlackElo "2042"]
[Annotator "RC"]
[PlyCount "87"]
[EventDate "2024.03.31"]
[EventType "swiss"]
[EventCountry "HUN"]
[SourceTitle "playchess.com"]
[Source "ChessBase"]
[SourceQuality "1"]
[TimeControl "5400+30"]

1. e4 c5 2. Nf3 Nc6 3. Bb5 e5 4. O-O Bd6 5. c3 a6 6. Bxc6 dxc6 7. d4 cxd4 8. cxd4 Bg4 9. dxe5 Bc7 10. Nbd2 Qd3 11. a4 Rd8 12. Ra3 Qd7 13. Qc2 Ne7 14. Nc4 b5 15. axb5 axb5 16. Nd6+ Bxd6 17. exd6 Qxd6 18. Bg5 Bxf3 19. Rxf3 f6 20. Bf4 Qe6 21. e5 O-O 22. exf6 Rxf6 23. Re3 Qf5 24. Qb3+ Qd5 25. Rd1 Qxb3 26. Rxd8+ Kf7 27. Rxb3 Rxf4 28. g3 Rc4 29. Rf3+ Kg6 30. Rd6+ Kh5 31. Re6 Ng6 32. Rc3 Rb4 33. b3 Rd4 34. Rexc6 b4 35. R3c4 Rd3 36. Rxb4 Rd2 37. Re4 Rd1+ 38. Kg2 Rd3 39. b4 Rb3 40. h4 Kh6 41. Rc5 Rd3 42. Re3 Rd6 43. b5 Rb6 44. h5 1-0

[Event "Hungarian Youth-ch I 2024"]
[Site "Szolnok"]
[Date "2024.04.02"]
[Round "2.10"]
[White "Megyaszai, Balazs"]
[Black "Herczeg, Marcell"]
[Result "1/2-1/2"]
[ECO "B48"]
[WhiteElo "2029"]
[BlackElo "2107"]
[Annotator "RC"]
[PlyCount "59"]
[EventDate "2024.03.31"]
[EventType "swiss"]
[EventCountry "HUN"]
[SourceTitle "playchess.com"]
[Source "ChessBase"]
[SourceQuality "1"]
[TimeControl "5400+30"]

1. e4 c5 2. Nf3 e6 3. d4 cxd4 4. Nxd4 Nc6 5. Nc3 Qc7 6. Be3 a6 7. g4 b5 8. Nxc6 Qxc6 9. Qd2 Bb7 10. Bg2 b4 11. Ne2 Nf6 12. f3 d5 13. e5 Nd7 14. f4 Qc7 15. g5 a5 16. h4 Ba6 17. Nd4 Bc5 18. h5 Rc8 19. O-O-O Ke7 20. g6 Bxd4 21. Bxd4 hxg6 22. hxg6 fxg6 23. Kb1 Kf7 24. Rde1 Rxh1 25. Bxh1 Nf8 26. Bf3 Bb5 27. Rg1 Ba4 28. Bd1 Kg8 29. Qh2 Qc4 30. Qf2 1/2-1/2

[Event "Hungarian Youth-ch I 2024"]
[Site "Szolnok"]
[Date "2024.04.02"]
[Round "2.11"]
[White "Lehocz, Jozsef Jr."]
[Black "Baki, Bence"]
[Result "1-0"]
[ECO "C50"]
[WhiteElo "2143"]
[BlackElo "1876"]
[Annotator "RC"]
[PlyCount "99"]
[EventDate "2024.03.31"]
[EventType "swiss"]
[EventCountry "HUN"]
[SourceTitle "playchess.com"]
[Source "ChessBase"]
[SourceQuality "1"]
[TimeControl "5400+30"]

1. e4 e5 2. Nf3 Nc6 3. Bc4 Bc5 4. d3 Nf6 5. Nc3 h6 6. Be3 Bb4 7. O-O Bxc3 8. bxc3 d6 9. h3 O-O 10. Re1 Be6 11. Bb3 Re8 12. Qd2 Bd7 13. a3 Na5 14. Ba2 c5 15. Rab1 b6 16. Nh2 Be6 17. c4 a6 18. Rb2 b5 19. cxb5 Bxa2 20. Rxa2 axb5 21. Rb2 Nxe4 22. dxe4 Nc4 23. Qc1 Nxb2 24. Qxb2 Qa5 25. Rd1 Re6 26. Nf1 Qa4 27. Ng3 Ra5 28. Rd3 c4 29. Rc3 Re8 30. Nf5 Ra6 31. Bd2 Kh7 32. Rg3 g5 33. Qc1 f6 34. Qd1 Rg8 35. Qh5 Rg6 36. Ne7 Rg7 37. Nf5 Rg6 38. h4 Qxc2 39. Ne7 Qxe4 40. hxg5 fxg5 41. Rxg5 d5 42. Nxg6 Rxg6 43. Rxg6 Qxg6 44. Qxe5 Qg7 45. Qxd5 Qa1+ 46. Kh2 Qxa3 47. Qf7+ Kh8 48. Qf6+ Kg8 49. Bc3 Qf8 50. Qg6+ 1-0

[Event "Hungarian Youth-ch I 2024"]
[Site "Szolnok"]
[Date "2024.04.02"]
[Round "2.12"]
[White "Kovacs, Kristof"]
[Black "Horvath, Andras"]
[Result "1-0"]
[ECO "C48"]
[WhiteElo "2000"]
[BlackElo "2260"]
[Annotator "RC"]
[PlyCount "37"]
[EventDate "2024.03.31"]
[EventType "swiss"]
[EventCountry "HUN"]
[SourceTitle "playchess.com"]
[Source "ChessBase"]
[SourceQuality "1"]
[TimeControl "5400+30"]

1. e4 e5 2. Nf3 Nc6 3. Nc3 Nf6 4. Bb5 Nd4 5. Bc4 Nxf3+ 6. gxf3 Bc5 7. d3 c6 8. Rg1 d5 9. Bb3 O-O 10. Bg5 d4 11. Ne2 Be6 12. f4 exf4 13. Nxf4 Bxb3 14. axb3 Be7 15. Bh6 Ne8 16. Qg4 g6 17. Bxf8 Bxf8 18. h4 Nf6 19. Qf3 1-0

[Event "Hungarian Youth-ch I 2024"]
[Site "Szolnok"]
[Date "2024.04.02"]
[Round "2.13"]
[White "Sass, Oscar"]
[Black "Sinoros-Szabo, Daniel"]
[Result "0-1"]
[ECO "C47"]
[WhiteElo "1867"]
[BlackElo "1971"]
[Annotator "RC"]
[PlyCount "42"]
[EventDate "2024.03.31"]
[EventType "swiss"]
[EventCountry "HUN"]
[SourceTitle "playchess.com"]
[Source "ChessBase"]
[SourceQuality "1"]
[TimeControl "5400+30"]

1. e4 e5 2. Nf3 Nc6 3. Nc3 Nf6 4. d4 exd4 5. Nxd4 Bb4 6. Nxc6 bxc6 7. Bd3 O-O 8. O-O d5 9. exd5 cxd5 10. h3 c6 11. Qf3 Re8 12. Bf4 Qe7 13. a3 Bd6 14. Bxd6 Qxd6 15. Rfe1 Bd7 16. Ne2 c5 17. c4 Bc6 18. Qf4 Re5 19. cxd5 Qxd5 20. Qg3 Nh5 21. Qh2 Rg5 0-1

[Event "Hungarian Youth-ch I 2024"]
[Site "Szolnok"]
[Date "2024.04.02"]
[Round "2.14"]
[White "Karacsonyi, Bank"]
[Black "Jokai, Bence"]
[Result "0-1"]
[ECO "B76"]
[WhiteElo "1940"]
[BlackElo "1750"]
[Annotator "RC"]
[PlyCount "42"]
[EventDate "2024.03.31"]
[EventType "swiss"]
[EventCountry "HUN"]
[SourceTitle "playchess.com"]
[Source "ChessBase"]
[SourceQuality "1"]
[TimeControl "5400+30"]

1. e4 c5 2. Nf3 d6 3. d4 cxd4 4. Nxd4 Nf6 5. Nc3 g6 6. Be3 Bg7 7. f3 O-O 8. Qd2 Nc6 9. g4 Be6 10. Nxe6 fxe6 11. h4 d5 12. O-O-O dxe4 13. Qh2 Qa5 14. h5 Ne5 15. hxg6 hxg6 16. Nxe4 Nxe4 17. Qh7+ Kf7 18. fxe4 Rh8 19. Bc4 Rxh7 20. Rdf1+ Ke8 21. Rxh7 Nxc4 0-1

[Event "Hungarian Youth-ch I 2024"]
[Site "Szolnok"]
[Date "2024.04.02"]
[Round "2.15"]
[White "Hangay, Oliver"]
[Black "Li, Changxing"]
[Result "1/2-1/2"]
[ECO "C78"]
[WhiteElo "1962"]
[BlackElo "1755"]
[Annotator "RC"]
[PlyCount "79"]
[EventDate "2024.03.31"]
[EventType "swiss"]
[EventCountry "HUN"]
[SourceTitle "playchess.com"]
[Source "ChessBase"]
[SourceQuality "1"]
[TimeControl "5400+30"]

1. e4 e5 2. Nf3 Nc6 3. Bb5 a6 4. Ba4 Nf6 5. O-O b5 6. Bb3 Bc5 7. Nc3 h6 8. d3 O-O 9. Nd5 d6 10. c3 Bb7 11. Be3 Bxe3 12. Nxe3 Ne7 13. Re1 Qd7 14. Nf1 Ng6 15. Ng3 Ng4 16. d4 Rfd8 17. h3 Nf6 18. Qd2 c5 19. Rad1 Qc7 20. d5 c4 21. Bc2 Bc8 22. Nh2 Nf4 23. Ne2 N6h5 24. Nf1 Nxe2+ 25. Qxe2 Nf4 26. Qf3 Qe7 27. Qg3 h5 28. Ne3 h4 29. Qf3 Qg5 30. Kh2 Nh5 31. g3 g6 32. Ng2 hxg3+ 33. fxg3 Rb8 34. Ne3 Kg7 35. Rf1 Rb7 36. h4 Qh6 37. Ng4 Bxg4 38. Qxg4 Rh8 39. Kg2 b4 40. Qf3 1/2-1/2

[Event "Hungarian Youth-ch I 2024"]
[Site "Szolnok"]
[Date "2024.04.02"]
[Round "2.16"]
[White "Pergel, Bence"]
[Black "Papai, Mate"]
[Result "0-1"]
[ECO "D43"]
[WhiteElo "1752"]
[BlackElo "1887"]
[Annotator "NA RC"]
[PlyCount "120"]
[EventDate "2024.03.31"]
[EventType "swiss"]
[EventCountry "HUN"]
[SourceTitle "playchess.com"]
[Source "ChessBase"]
[SourceQuality "1"]
[TimeControl "5400+30"]

1. Nf3 d5 2. d4 Nf6 3. c4 c6 4. Nc3 e6 5. Bg5 Nbd7 6. cxd5 exd5 7. e3 Be7 8. Bd3 O-O 9. Qc2 h6 10. Bh4 b5 {[%emt 0:07:58] D36: Queen's Gambit Declined: Exchange Variation: Main line (5 Bg5 c6 6 Qc2).} 11. a3 a5 12. O-O Bb7 13. Rac1 Re8 14. Rfe1 Ra7 15. Bg3 ({White should play} 15. e4 $16) 15... Qa8 16. Ne5 Nxe5 17. Bxe5 Nd7 18. Bxb5 Nxe5 19. dxe5 Qb8 20. Ba4 Qxe5 21. Ne2 Rc8 22. Qc3 Qd6 23. Nd4 Bf6 24. Qc5 Qxc5 25. Rxc5 Bxd4 26. exd4 Kf8 27. Rec1 Ra6 28. Bb3 Re8 29. Ba4 Re6 30. f3 Ke7 31. Bb3 Rb6 32. Bc2 Rxb2 33. Rxa5 Re2 34. Ra7 Kd6 35. Kf1 Rd2 36. a4 Bc8 37. Rxf7 Rdxc2 38. Rxc2 Rxc2 39. Rxg7 Rc4 40. Rg6+ Kc7 41. Rxh6 Rxd4 42. Rh7+ Kb6 43. Rh8 Ba6+ 44. Kf2 Rd2+ 45. Kg1 d4 46. g4 Rd1+ 47. Kg2 d3 48. g5 d2 49. Rd8 Kc7 50. Rd4 c5 51. Rd5 Bc4 52. Rxc5+ Kb6 53. Rxc4 Rg1+ 54. Kxg1 d1=Q+ 55. Kf2 Qd2+ 56. Kg3 Qe1+ 57. Kg4 Qe6+ 58. Kh5 Qxc4 59. g6 Kc7 60. g7 Kd7 (60... Qxa4 61. g8=Q (61. g8=B {gets mated.} Qe8+ 62. Kg5 Qxg8+ 63. Kf5 Kd6 64. h4 Qd5+ 65. Kf4 Qd4+ 66. Kf5 Qxh4 67. f4 Kd5 68. Kg6 Qxf4 69. Kh5 Ke6 70. Kg6 Qg4+ 71. Kh6 Kf7 72. Kh7 Qh5#) 61... Qd7 62. Qg3+ Kb6 63. Qg6+ Kc7 64. h4 $18) 0-1

[Event "Hungarian Youth-ch I 2024"]
[Site "Szolnok"]
[Date "2024.04.02"]
[Round "2.17"]
[White "Meszaros-Csonka, David"]
[Black "Liu, James Jiayu"]
[Result "1-0"]
[ECO "D00"]
[WhiteElo "1941"]
[BlackElo "1782"]
[Annotator "RC"]
[PlyCount "113"]
[EventDate "2024.03.31"]
[EventType "swiss"]
[EventCountry "HUN"]
[SourceTitle "playchess.com"]
[Source "ChessBase"]
[SourceQuality "1"]
[TimeControl "5400+30"]

1. d4 d5 2. Bf4 c5 3. e3 Nc6 4. Nc3 cxd4 5. exd4 Bf5 6. Nf3 e6 7. h3 Nf6 8. Bd3 Be4 9. Bb5 a6 10. Bxc6+ bxc6 11. Nxe4 Nxe4 12. c3 Bd6 13. Bxd6 Qxd6 14. Qa4 O-O 15. O-O c5 16. dxc5 Nxc5 17. Qd4 h6 18. c4 Rfe8 19. Rfd1 Rad8 20. Rac1 Qc6 21. b4 Ne4 22. Ne5 Qb7 23. f3 Ng3 24. Qf2 Nf5 25. c5 Qc7 26. f4 Ne7 27. a4 Rb8 28. Rb1 Nc6 29. Nd3 Red8 30. b5 axb5 31. axb5 Na5 32. b6 Qb7 33. Ra1 Nc6 34. Ra3 Ra8 35. Rda1 Rxa3 36. Rxa3 Ra8 37. Qa2 Rxa3 38. Qxa3 f6 39. Nb4 e5 40. fxe5 fxe5 41. Nxd5 Qd7 42. Qb3 Kf8 43. b7 Nb8 44. Kf2 Qf5+ 45. Qf3 Qxf3+ 46. Kxf3 Kf7 47. Ke4 Ke6 48. Nb4 Nd7 49. c6 Nc5+ 50. Ke3 Nxb7 51. cxb7 g5 52. b8=Q g4 53. Ke4 gxh3 54. Qb6+ Kf7 55. gxh3 h5 56. Kf5 h4 57. Qc6 1-0